 Dungeon Crawl Stone Soup version 0.29-a0-330-g52719c12eb (webtiles) character file.

Game seed: 15700252942346640811

15 Cecur the Insei (level 2, -4/18 HPs)
             Began as an Octopode Transmuter on Apr 13, 2022.
             Slain by Terence
             ... wielding a +0 morningstar
              (12 damage)
             ... on level 2 of the Dungeon.
             The game lasted 00:00:57 (921 turns).

Cecur the Insei (Octopode Transmuter)                Turns: 921, Time: 00:00:58

Health: -4/18      AC:  1    Str:  9    XL:     2   Next: 50%
Magic:  4/5        EV: 13    Int: 15    God:
Gold:   70         SH:  0    Dex: 12    Spells: 4/5 levels left

rFire   . . .      SeeInvis .     - Unarmed
rCold   . . .      Faith    .   (no shield)
rNeg    . . .      Spirit   .   (helmet currently unavailable)
rPois   .          Reflect  .   (no amulet)
rElec   .          Harm     .   (no ring)
rCorr   .          Rampage  .   (no ring)
Will    .....                   (no ring)
Stlth   ++........              (no ring)
HPRegen 0.06/turn               (no ring)
MPRegen 0.09/turn               (no ring)
                                (no ring)
                                (no ring)

@: appendages (expiring)
A: tentacle spike 3, almost no armour, amphibious, 8 rings, camouflage 1,
gelatinous body 1, (nimble swimmer 1), tentacles
a: End Transformation


You were on level 2 of the Dungeon.
One of your tentacles had grown a beastly spike.
You visited 1 branch of the dungeon, and saw 2 of its levels.

You collected 70 gold pieces.

Inventory:

Scrolls
 f - 3 scrolls of identify {unknown}
 g - a scroll of holy word {unknown}
 h - a scroll of teleportation {unknown}
 i - a scroll of vulnerability {unknown}
Potions
 a - a potion of lignification
 b - a potion of haste {unknown}
 c - a potion of brilliance {unknown}
 d - a potion of attraction {unknown}
 e - a potion of flight {unknown}


   Skills:
 + Level 1.0 Fighting
 + Level 2.0 Dodging
 + Level 3.2 Unarmed Combat
 + Level 2.1 Spellcasting
 + Level 2.4 Transmutations


You had 4 spell levels left.
You knew the following spells:

 Your Spells              Type           Power      Damage    Failure   Level
a - Beastly Appendage     Tmut           18%        N/A       8%          1

Your spell library contained the following spells:

 Spells                   Type           Power      Damage    Failure   Level
 Wereblood                Tmut           9%         N/A       12%         2
 Spider Form              Tmut/Pois      5%         N/A       36%         3
 Ice Form                 Ice/Tmut       5%         N/A       78%         4


Dungeon Overview and Level Annotations

Branches:
Dungeon (1/15)

Altars:

Annotations:
D:2 Terence


Innate Abilities, Weirdness & Mutations

One of your tentacles has grown a beastly spike.
You cannot wear most types of armour.
You are amphibious.
You can wear up to eight rings at the same time.
Your skin changes colour to match your surroundings (Stealth+).
Your rubbery body absorbs attacks. (AC +1, EV +1)
((You are camouflaged when in or above water. (Stealth+)))
You have tentacles for arms and can constrict up to eight enemies at once.


Message History

No target in view!
No target in view!
No target in view!
No target in view!
No target in view!
No target in view!
No target in view!
No target in view!
No target in view!
Your transformation is almost over.
Magic restored.
You see here a rat corpse.
Your tentacle spike disappears.
Found a thick runed staff.
You now have 56 gold pieces (gained 17).
You see here a staff of conjuration.
You now have 70 gold pieces (gained 14).
Found an escape hatch in the floor.
i - a scroll labelled MUNIGAH VEOB
There is an escape hatch in the floor here.
Found a leather armour.
Terence the Incautious comes into view.
He is wielding a +0 morningstar.
Terence is nearby!
One of your tentacles grows a vicious spike.
An endoplasm comes into view.
Your transformation is almost over.
The helpless Terence fails to defend himself.
You tentacle-slap Terence. You grab Terence.
You pierce Terence.
You squeeze Terence.
Terence is moderately wounded.
You constrict Terence, but do no damage.
Terence shouts, "Now you die!" Terence hits you with a +0 morningstar!
Ouch! That really hurt!
You are too injured to fight recklessly!
You tentacle-slap Terence.
You pierce Terence, but do no damage.
Terence is heavily wounded.
You constrict Terence. Terence hits you with a +0 morningstar!
Ouch! That really hurt!
You die...

......#.. #####..#.
#.#J# # .# #...# #
#...# #...#
###...### ###
#....... [.#
#########.#.@# #.#
#..........@.#
#.####.#######.#.##
#..............#.#
.......#########.#
######## #.# # #.#
# #.# #..


You could see Terence and an endoplasm (asleep).

Vanquished Creatures
  2 dart slugs (D:1)
  2 endoplasms (D:1)
  A quokka (D:1)
  A ball python (D:1)
  3 kobolds (D:1)
  3 rats
12 creatures vanquished.

Notes
Turn   | Place    | Note
-------+----------+-------------------------------------------
     0 | D:1      | Cecur the Octopode Transmuter began the quest for the Orb.
     0 | D:1      | Reached XP level 1. HP: 13/13 MP: 3/3
   201 | D:1      | Reached XP level 2. HP: 15/18 MP: 3/5
   705 | D:1      | You fall into a shaft and drop 1 floor!
   912 | D:2      | Noticed Terence
   921 | D:2      | Slain by Terence

Illustrated notes

Levels and vault maps discovered:
D:1:      minmay_arrival_solitary_statue, layout_basic
D:2:      layout_loops_ring, ebering_ecumenical_altar_abandoned,
          hangedman_decor_points, chequers_decorated_corner, uniq_terence,
          uniq_jessica

Action                   || total
-------------------------++-------
Melee: Unarmed           ||    28
       Kick              ||    10
       Constrict         ||     9
       Tentacles         ||     5
       Punch             ||     1
 Cast: Beastly Appendage ||    11
 Stab: Sleeping          ||     2
Armor: Skin              ||     1
Dodge: Dodged            ||    16

Table legend: (Time is in decaauts)
 A = Elapsed time spent in this place.
 B = Non-inter-level travel time spent in this place.
 C = Inter-level travel time spent in this place.
 D = Time resting spent in this place.
 E = Time spent auto-exploring this place.
 F = Levels seen in this place.
 G = Mean time per level.
                   A        B        C        D        E       F      G
               +--------+--------+--------+--------+--------+-----+--------+
         Total |    919 |    919 |      0 |      0 |    825 |   2 |  459.5 |
       Dungeon |    919 |    919 |      0 |      0 |    825 |   2 |  459.5 |
               +--------+--------+--------+--------+--------+-----+--------+

Top non-repeatable levels by time:
     D:1: 703 daAuts
     D:2: 215 daAuts
